 Dungeon Crawl Stone Soup version 0.31-a0-640-g39d97e502b (webtiles) character file.

Game seed: 6868261490446059270

239 qw the Shooter (level 6, -3/38 HPs)
             Began as a Gargoyle Hunter on Aug 27, 2023.
             Slain by Edmund
             ... wielding a +5 flail of holy wrath
              (10 damage)
             ... on level 4 of the Dungeon.
             The game lasted 00:01:07 (2262 turns).

qw the Shooter (Gargoyle Hunter)                    Turns: 2262, Time: 00:01:08

Health: -3/38      AC: 12    Str: 15    XL:     6   Next: 7%
Magic:  6/6        EV: 11    Int:  9    God:
Gold:   107        SH:  0    Dex: 15    Spells: 5/5 levels left

rFire   . . .        Y - +0 shortbow
rCold   . . .        (shield currently unavailable)
rNeg    + . .        a - +0 ring mail
rPois   inf          (no helmet)
rElec   +            (no cloak)
rCorr   .            b - +2 pair of gloves
SInv    .            (no boots)
Will    .....        e - amulet of faith
Stlth   +            (no ring)
HPRegen 0.26/turn    (no ring)
MPRegen 0.10/turn

%: faith
@: about to teleport
A: sickness immunity, AC +4, negative energy resistance 1, electricity
resistance, torment resistance 1, petrification resistance
a: no special abilities


You were on level 4 of the Dungeon.
You visited 1 branch of the dungeon, and saw 4 of its levels.

You collected 107 gold pieces.


Innate Abilities, Weirdness & Mutations

You are immune to sickness and miasma.
Your stone body is resilient. (AC +4)
You are immune to poison.
You resist negative energy. (rN+)
You are resistant to electric shocks. (rElec)
You are resistant to unholy torment.
You are immune to petrification.


   Skills:
 - Level 4.0 Fighting
 + Level 6.3 Ranged Weapons
 - Level 1.0 Armour
 - Level 1.5 Dodging
 - Level 1.1 Stealth


You had 5 spell levels left.
You didn't know any spells.
Your spell library was empty.

Inventory:

Hand Weapons
 Y - a +0 shortbow (weapon)
Armour
 a - a +0 ring mail (worn)
 b - a +2 pair of gloves (worn)
Jewellery
 e - an amulet of faith (around neck)
 i - an amulet of reflection
Scrolls
 c - a scroll of silence {unknown}
 g - a scroll of identify
 k - a scroll of revelation {unknown}
Potions
 d - a potion of heal wounds {unknown}
 h - a potion of enlightenment {unknown}
 j - a potion of berserk rage {unknown}

Dungeon Overview and Level Annotations

Branches:
Dungeon (4/15)
 Temple: D:4-7

Altars:
Gozag

Shops:
D:3 =   D:4 (

Annotations:
D:4 Edmund


Message History

You shoot an arrow.
The arrow hits Edmund but does no damage.
Edmund is lightly wounded.
Edmund hits you with a +5 flail of holy wrath.
You shoot an arrow.
The arrow hits Edmund but does no damage.
Edmund is lightly wounded.
Edmund closely misses you.
You shoot an arrow.
The arrow hits Edmund but does no damage.
Edmund is lightly wounded.
Edmund barely misses you.
You shoot an arrow. The arrow barely misses Edmund.
Edmund barely misses you.
Edmund hits you with a +5 flail of holy wrath!
You shoot an arrow. The arrow closely misses Edmund.
Edmund closely misses you.
You shoot an arrow.
The arrow hits Edmund but does no damage.
Edmund is lightly wounded.
Edmund hits you with a +5 flail of holy wrath.
You shoot an arrow. The arrow hits Edmund.
Edmund is moderately wounded.
Edmund completely misses you.
You shoot an arrow. The arrow hits Edmund.
Edmund is heavily wounded.
Edmund hits you with a +5 flail of holy wrath!
2259 ||| READING scroll of teleportation.
As you read the scroll of teleportation, it crumbles to dust.
You feel strangely unstable. Edmund hits you but does no damage.
You shoot an arrow. The arrow hits Edmund.
Edmund is heavily wounded.
Edmund barely misses you. Edmund hits you but does no damage.
You shoot an arrow. The arrow closely misses Edmund.
Edmund closely misses you.
You shoot an arrow. The arrow closely misses Edmund.
Edmund hits you with a +5 flail of holy wrath!
You die...
Edmund says, "That'll show my brother!"

#.# ... ####.# #.#
.##..# #.# .##.######
#.# .##......# #.#
.##.####.# #.# .#...#
#.# #.# .....#
#.####.#####.# .#...#
#.#......@@.(#
.##.####......<.........
.##........##...........
.#######################
.##............# ######
/##.##########.# #....#
.##.# #.# #.##.# .##.#
#.# #.##~~~# .##.# #.#
#.#~~~~~#


You could see Edmund.

Vanquished Creatures
  A phantom (D:4)
  An iguana (D:4)
  4 adders
  2 worms
  2 dart slugs (D:4)
  An orc (D:4)
  6 ball pythons
  3 bats
  8 endoplasms
  4 giant cockroaches
  14 goblins
  7 hobgoblins
  19 jackals
  4 kobolds
  A quokka (D:4)
  5 frilled lizards
  5 rats
87 creatures vanquished.

Notes
Turn   | Place    | Note
-------+----------+-------------------------------------------
     0 | D:1      | qw the Gargoyle Hunter began the quest for the Orb.
     0 | D:1      | Reached XP level 1. HP: 12/12 MP: 1/1
     0 | D:1      | 0 ||| qw: Version: 0.3-a-74-g56b0e0c
     0 | D:1      | 0 ||| qw: Game counter: 6
     0 | D:1      | 0 ||| qw: Melee chars always use a shield: true
     0 | D:1      | 0 ||| qw: God list: Okawaru
     0 | D:1      | 0 ||| qw: Allow faded altars: false
     0 | D:1      | 0 ||| qw: Do Orc after clearing Dungeon:15 true
     0 | D:1      | 0 ||| qw: Do second Lair branch before Depths: true
     0 | D:1      | 0 ||| qw: Lair rune preference: random
     0 | D:1      | 0 ||| qw: Goals: Normal
     0 | D:1      | 0 ||| PLANNING D:1-11
   248 | D:1      | Reached XP level 2. HP: 16/17 MP: 2/2
   420 | D:1      | 420 ||| Stepping ~*~*~tactically~*~*~ (outnumbered).
   633 | D:1      | 633 ||| READING scroll labelled BAIBRI VINIOD.
   634 | D:1      | 634 ||| READING scroll labelled DIWKALUERR.
   635 | D:1      | 635 ||| READING scroll labelled PARUTI ZYET.
   636 | D:1      | 636 ||| DROPPING scroll of butterflies.
   693 | D:2      | Reached XP level 3. HP: 21/21 MP: 3/3
   710 | D:2      | Reached skill level 5 in Ranged Weapons
   735 | D:2      | HP: 5/22 [jackal (1)]
   741 | D:2      | HP: 5/22 [jackal (1)]
   908 | D:2      | Reached skill level 3 in Fighting
   994 | D:2      | Reached XP level 4. HP: 28/28 MP: 4/4
  1200 | D:2      | Found a faded altar of an unknown god.
  1281 | D:2      | 1281 ||| UPGRADING to +0 ring mail.
  1291 | D:2      | 1291 ||| UPGRADING to +2 pair of gloves.
  1296 | D:2      | 1296 ||| DROPPING +0 leather armour.
  1359 | D:3      | Found an opulent altar of Gozag.
  1435 | D:3      | Reached skill level 1 in Armour
  1478 | D:3      | Found Orheh's Jewellery Shoppe.
  1486 | D:3      | 1486 ||| SHOPLISTING +6 ring of dexterity (432 gold, have
                  | 40).
  1486 | D:3      | 1486 ||| SHOPLISTING amulet of reflection (360 gold, have
                  | 40).
  1486 | D:3      | 1486 ||| SHOPLISTING ring of ice (300 gold, have 40).
  1732 | D:3      | 1732 ||| UPGRADING to amulet of faith.
  1737 | D:3      | 1737 ||| READING scroll labelled BAUQOL ZUFY.
  1738 | D:3      | 1738 ||| READING scroll labelled ULAGHY QATHU.
  1739 | D:3      | 1739 ||| READING scroll labelled OGOEDWI LINIL.
  1740 | D:3      | 1740 ||| READING scroll labelled ZEGIPA ZEUVURA.
  1854 | D:4      | Noticed a phantom
  1862 | D:4      | Killed a phantom
  1863 | D:4      | Reached skill level 6 in Ranged Weapons
  1863 | D:4      | Reached XP level 5. HP: 32/32 MP: 5/5
  1910 | D:4      | Identified the +4 dagger "Goshrosio" {speed, rF- Will++
                  | Str+5}
  1993 | D:4      | Reached XP level 6. HP: 28/38 MP: 6/6
  2172 | D:4      | Found Husehox's Antique Weapon Boutique.
  2242 | D:4      | Noticed Edmund
  2258 | D:4      | HP: 6/38 [Edmund/+5 flail of holy wrath (9)]
  2259 | D:4      | 2259 ||| READING scroll of teleportation.
  2262 | D:4      | Slain by Edmund

Levels and vault maps discovered:
D:1:      reono_arrival_mine, layout_basic, roderic_roman_lattice,
          minmay_pentomino_p2
D:2:      layout_basic, shapermc_ecumenical_altar_hornbeckon
D:3:      layout_basic, mainiacjoe_overflow_small_starburst, serial_shops, shop,
          small_statue_intersection, minmay_goblin_outpost
D:4:      layout_loops_ring, beargit_hepliaklqana_dungeon_heroes, serial_shops,
          nicolae_shop_waterfront, uniq_edmund

Skill      XL: |  1  2  3  4  5  6 |
---------------+-------------------+-----
Ranged Weapons | 5 6 |  6.3
Fighting       | 3 4 |  4.0
Armour         | 1 |  1.0
Dodging        | |  1.5
Stealth        | |  1.1

Action                     |  1- 3 |  4- 6 || total
---------------------------+-------+-------++-------
   Fire: Shortbow          |   146 |   155 ||   301
    Use: Scroll            |     3 |     5 ||     8
 Armour: Leather armour    |    51 |    12 ||    63
         Ring mail         |       |    14 ||    14
  Dodge: Dodged            |    81 |    41 ||   122

Table legend:
 A = Non-vault XP
 B = Vault XP
 C = Vault XP percentage of total XP
 D = Non-vault monster count
 E = Vault monster count
 F = Vault count percentage of total count
                 A         B        C        D         E       F
            +---------+---------+-------+---------+---------+-------
      Total |     322 |      20 |   5.8 |      77 |      10 |  11.5
            +---------+---------+-------+---------+---------+-------
        D:1 |      33 |       0 |   0.0 |      19 |       0 |   0.0
        D:2 |      72 |       0 |   0.0 |      33 |       0 |   0.0
        D:3 |      36 |      20 |  35.7 |      12 |      10 |  45.5
        D:4 |     181 |       0 |   0.0 |      13 |       0 |   0.0
            +---------+---------+-------+---------+---------+-------
